 Dungeon Crawl Stone Soup version 0.27.1-3-gb3d3a73c9e (webtiles) character file.

Game seed: 897433151762996233

44555 pkoi the Carver (level 13, -1/119 HPs)
             Began as a Minotaur Gladiator on Oct 25, 2021.
             Was a High Priest of Okawaru.
             Slain by a death yak (20 damage)
             ... on level 6 of the Lair of Beasts.
             The game lasted 00:26:12 (20390 turns).

pkoi the Carver (Minotaur Gladiator)               Turns: 20390, Time: 00:26:12

Health: -1/119     AC: 15    Str: 26    XL:     13   Next: 96%
Magic:  17/17      EV: 19    Int:  4    God:    Okawaru [*****.]
Gold:   1390       SH: 11    Dex: 15    Spells: 12/12 levels left

rFire    . . .     SeeInvis .   c - +1 double sword "Toezik" {spect, rElec rPois rCorr Int-4 Stlth+}
rCold    . . .     Faith    .   M - +0 kite shield of Kimn {rPois Str+3 Int+2 Dex+3}
rNeg     . . .     Spirit   .   q - +1 ring mail {rPois}
rPois    +         Reflect  .   E - +0 hat {Will+}
rElec    +         Harm     .   j - +0 cloak
rCorr    +         Rampage  .   z - +0 pair of gloves
Will     +....                  (no boots)
Stlth    ++........             P - amulet of the acrobat
HPRegen  0.29/turn              t - +4 ring of evasion
MPRegen  0.15/turn              g - +4 ring of protection

@: no status effects
A: horns 2, retaliatory headbutt
a: Renounce Religion, Heroism, Finesse


You were on level 6 of the Lair of Beasts.
You worshipped Okawaru.
Okawaru was extremely pleased with you.
You visited 2 branches of the dungeon, and saw 19 of its levels.
You also visited: Bailey.

You collected 1390 gold pieces.

Inventory:

Hand Weapons
 a - a +1 long sword
 c - the +1 double sword "Toezik" (weapon) {spect, rElec rPois rCorr Int-4 Stlth+}
   (Okawaru gifted it to you on level 10 of the Dungeon)

   When its wielder attacks, the weapon's spirit leaps out and strikes again.
   The spirit shares a part of any damage it takes with its wielder.
   Int:       It affects your intelligence (-4).
   rElec:     It insulates you from electricity.
   rPois:     It protects you from poison.
   rCorr:     It protects you from acid and corrosion.
   Stlth:     It makes you more stealthy.
 v - a +0 great sword
Missiles
 d - 19 throwing nets
 h - 5 silver javelins
 y - 13 boomerangs
 D - 9 javelins
 F - 8 curare-tipped darts
 I - 37 poisoned darts
Armour
 j - a +0 cloak (worn)
 q - a +1 ring mail of poison resistance (worn)
 z - a +0 pair of gloves (worn)
 E - a +0 hat of willpower (worn)
 M - the +0 kite shield of Kimn (worn) {rPois Str+3 Int+2 Dex+3}
   (You found it on level 4 of the Lair of Beasts)

   Str:       It affects your strength (+3).
   Int:       It affects your intelligence (+2).
   Dex:       It affects your dexterity (+3).
   rPois:     It protects you from poison.
 N - a +1 hat of stealth
Jewellery
 g - a +4 ring of protection (right hand)
 m - a ring of wizardry
 t - a +4 ring of evasion (left hand)
 J - a ring of fire
 P - an amulet of the acrobat (around neck)
Wands
 k - a wand of flame (61) (quivered)
 o - a wand of paralysis (28)
 r - a wand of mindburst (3)
 C - a wand of iceblast (16)
 G - a wand of digging (5)
 O - a wand of charming (8)
Scrolls
 e - 5 scrolls of amnesia
 f - 7 scrolls of enchant weapon
 p - 6 scrolls of teleportation
 s - 12 scrolls of identify
 u - 4 scrolls of magic mapping
 A - 3 scrolls of fear
 H - a scroll of blinking
 L - a scroll of enchant armour
Potions
 b - a potion of haste
 i - 3 potions of brilliance
 l - 7 potions of flight
 n - a potion of invisibility
 w - a potion of magic
 x - 8 potions of curing
 B - a potion of ambrosia
 K - 3 potions of heal wounds


   Skills:
 - Level 12.4 Fighting
 + Level 14.1 Long Blades
 - Level 8.2 Throwing
 - Level 12.1 Armour
 - Level 11.6 Dodging
 + Level 5.4 Shields
 - Level 6.8 Invocations
 - Level 3.8 Evocations


You had 12 spell levels left.
You didn't know any spells.
Your spell library contained the following spells:

 Spells                   Type           Power      Damage    Failure   Level
 Corona                   Hex            0%         N/A       95%         1
 Magic Dart               Conj           0%         1d3       95%         1
 Pain                     Necr           0%         1d4       95%         1
 Sting                    Tmut/Pois      0%         1d3       95%         1
 Call Imp                 Summ           0%         N/A       99%         2
 Ensorcelled Hibernation  Hex/Ice        0%         N/A       99%         2
 Poisonous Vapours        Pois/Air       0%         N/A       99%         2
 Slow                     Hex            0%         N/A       99%         2
 Confusing Touch          Hex            0%         N/A       100%        3
 Mephitic Cloud           Conj/Pois/Air  0%         N/A       100%        3
 Stone Arrow              Conj/Erth      0%         3d7       100%        3
 Tukima's Dance           Hex            0%         N/A       100%        3
 Olgreb's Toxic Radiance  Pois           0%         N/A       100%        4
 Summon Ice Beast         Ice/Summ       0%         N/A       100%        4
 Agony                    Necr           0%         N/A       100%        5
 Bolt of Magma            Conj/Fire/Erth 0%         4d4       100%        5
 Excruciating Wounds      Necr           0%         N/A       100%        5
 Freezing Cloud           Conj/Ice/Air   0%         6-21      100%        5
 Summon Mana Viper        Hex/Summ       0%         N/A       100%        5
 Yara's Violent Unravell  Hex/Tmut       0%         3d3       100%        5
 Simulacrum               Ice/Necr       0%         N/A       100%        6
 Monstrous Menagerie      Summ           0%         N/A       100%        7
 Polar Vortex             Ice            0%         N/A       100%        9
 Shatter                  Erth           0%         3d5*      100%        9


Dungeon Overview and Level Annotations

Branches:
Dungeon (13/15)            Temple (0/1) D:4            Lair (6/6) D:9
 Shoals (0/4) Lair:2       Spider (0/4) Lair:3        Slime (0/5) Lair:6
    Orc (0/2) D:10         Bailey (visited)
 Vaults: D:13-14

Altars:
Ashenzari
Dithmenos
Gozag
Hepliaklqana
Nemelex Xobeh
Okawaru
Ru
Trog
Wu Jian
Zin
The Shining One
Jiyva


Innate Abilities, Weirdness & Mutations

You have a pair of horns on your head.
You reflexively headbutt those who attack you in melee.


Message History

The death yak gores you but does no damage.
You hit the death yak.
The death yak is almost dead.
The death yak gores you but does no damage.
The death yak gores you! The death yak misses you. You furiously retaliate!
You headbutt the death yak.
You riposte.
You barely miss the death yak.
The death yak is almost dead.
Unknown command.
You barely miss the death yak. You headbutt the death yak!
You kill the death yak!
Okawaru is honoured by your kill. The death yak gores you!
* * * LOW HITPOINT WARNING * * *
The death yak gores you.
* * * LOW HITPOINT WARNING * * *
You block the cane toad's attack.
You closely miss the cane toad.
You headbutt the cane toad, but do no damage.
You block the death yak's attack.
A rime drake comes into view.
You block the cane toad's attack. The death yak gores you!
* * * LOW HITPOINT WARNING * * *
Unknown command.
You hit the cane toad.
The cane toad is lightly wounded.
The death yak gores you.
* * * LOW HITPOINT WARNING * * *
The cane toad closely misses you.
The death yak gores you but does no damage.
Unknown command.
You hit the cane toad.
The cane toad is moderately wounded.
You block the death yak's attack. The cane toad stings you!
* * * LOW HITPOINT WARNING * * *
The death yak gores you but does no damage.
Unknown command.
You slash the cane toad! You headbutt the cane toad.
The cane toad is severely wounded.
The death yak gores you!!
You die...

_..#.#. >....#.
..... ......
#...## .....
#...P## . #...
#.....#.. ##.Y
#........
#.YY###........
#.YY@##........
#k.h##F#<...#
........#....##
!⌠...#.##.....#
... #.
#P........ .. .
##........ . .#
......... ..
#....#### ..
....##


You could see 3 death yaks, 2 elephants, a cane toad, a rime drake and a wolf.

Vanquished Creatures
  A catoblepas (Lair:4)
  6 hydras
  2 centaur warriors
  A two-headed ogre (D:9)
  6 death yaks
  2 deep elf pyromancers (D:9)
  A manticore (D:11)
  8 elephants
  5 komodo dragons
  8 cane toads
  3 rime drakes
  2 kobold demonologists
  3 trolls
  A polar bear (Lair:3)
  2 hornets
  Prince Ribbit (D:7)
  9 blink frogs (Lair:1)
  3 slime creatures (D:12)
  5 wyverns
  Eustachio (D:4)
  57 yaks
  3 basilisks
  A wraith (D:12)
  2 steam dragons
  8 vampire mosquitoes
  6 wargs
  An acid dragon (D:12)
  13 water moccasins
  17 orc warriors
  3 ice beasts
  A swamp drake (D:9)
  2 black bears
  2 sky beasts
  2 ogres (D:5)
  6 wolves (Lair:1)
  9 centaurs
  2 kobold brigands
  15 bullfrogs
  4 gnoll sergeants
  10 scorpions
  10 killer bees
  4 wights (D:6)
  A howler monkey (D:9)
  4 electric eels (Lair:4)
  A crimson imp (D:9)
  4 centaur zombies
  3 jellies
  11 hounds
  6 orc priests
  2 centaur skeletons
  5 gnoll shamans
  An iguana (D:7)
  An iron imp (D:9)
  14 orc wizards
  2 killer bee zombies
  2 howler monkey zombies
  35 gnolls
  6 adders
  2 shadow imps
  A white imp (D:9)
  2 adder skeletons (D:4)
  2 worms
  2 dart slugs
  58 orcs
  10 ball pythons
  8 endoplasms
  5 giant cockroaches
  11 goblins
  7 hobgoblins
  15 jackals
  7 quokkas
  8 bats
  6 frilled lizards
  10 kobolds
  3 rats (D:1)
503 creatures vanquished.

Vanquished Creatures (others)
  4 kobolds
  16 fungi
  31 plants
51 creatures vanquished.

Grand Total: 554 creatures vanquished

Notes
Turn   | Place    | Note
-------+----------+-------------------------------------------
     0 | D:1      | pkoi the Minotaur Gladiator began the quest for the Orb.
     0 | D:1      | Reached XP level 1. HP: 18/18 MP: 0/0
   144 | D:1      | Reached skill level 4 in Long Blades
   311 | D:1      | Reached XP level 2. HP: 24/25 MP: 1/1
   603 | D:1      | Reached skill level 5 in Long Blades
   633 | D:1      | Reached XP level 3. HP: 22/30 MP: 2/2
  1595 | D:2      | Reached skill level 6 in Long Blades
  1595 | D:2      | Reached XP level 4. HP: 37/37 MP: 3/3
  2271 | D:3      | Found an iron altar of Okawaru.
  2272 | D:3      | Found a broken altar of Ashenzari.
  2430 | D:3      | Became a worshipper of Warmaster Okawaru
  2477 | D:4      | Noticed Eustachio
  2486 | D:4      | Reached skill level 1 in Armour
  2575 | D:4      | Noticed a scorpion
  2579 | D:4      | Killed a scorpion
  2580 | D:4      | Reached XP level 5. HP: 45/45 MP: 4/4
  2721 | D:4      | Noticed a black bear
  2737 | D:4      | Killed a black bear
  2737 | D:4      | Reached * piety under Okawaru
  2738 | D:4      | Reached XP level 6. HP: 31/52 MP: 5/5
  2967 | D:4      | Killed Eustachio
  2968 | D:4      | Reached skill level 7 in Long Blades
  3192 | D:4      | Found a staircase to the Ecumenical Temple.
  3223 | D:4      | Found a glowing golden altar of the Shining One.
  3294 | D:4      | Reached XP level 7. HP: 23/59 MP: 6/6
  3693 | D:5      | Entered Level 5 of the Dungeon
  3976 | D:5      | Found a bloodstained altar of Trog.
  4104 | D:5      | Reached skill level 5 in Dodging
  4149 | D:5      | Reached ** piety under Okawaru
  4150 | D:5      | Reached skill level 5 in Fighting
  4361 | D:5      | Reached XP level 8. HP: 69/69 MP: 4/7
  4470 | D:5      | Found a sacrificial altar of Ru.
  4481 | D:5      | Reached skill level 8 in Long Blades
  4481 | D:5      | Reached skill level 5 in Armour
  4600 | D:5      | Found an ornate altar of the Wu Jian Council.
  4661 | D:5      | Found a sparkling altar of Nemelex Xobeh.
  4661 | D:5      | Found an opulent altar of Gozag.
  5111 | D:6      | Noticed a kobold demonologist
  5117 | D:5      | Killed a kobold demonologist
  5281 | D:6      | Reached skill level 9 in Long Blades
  5288 | D:6      | Reached *** piety under Okawaru
  5289 | D:6      | Reached XP level 9. HP: 62/77 MP: 8/8
  5691 | D:6      | Found a shadowy altar of Dithmenos.
  6178 | D:6      | Identified the +5 spear of Byiqan {vamp, rF+ Int+3}
  6655 | D:6      | Reached **** piety under Okawaru
  6747 | D:6      | Received a gift from Okawaru
  7127 | D:7      | Found a hazy altar of Hepliaklqana.
  7279 | D:7      | Noticed Prince Ribbit
  7287 | D:7      | Reached skill level 10 in Long Blades
  7295 | D:7      | Killed Prince Ribbit
  7693 | D:7      | Reached XP level 10. HP: 90/90 MP: 9/9
  8332 | D:8      | Found a glowing silver altar of Zin.
  8963 | D:9      | Found a flagged portal.
  8981 | Bailey   | Entered a bailey
  9295 | Bailey   | Reached ***** piety under Okawaru
  9296 | Bailey   | Reached skill level 11 in Long Blades
  9539 | Bailey   | Noticed an orc knight
  9898 | D:9      | Noticed a two-headed ogre
  9911 | D:9      | Killed a two-headed ogre
  9912 | D:9      | Reached skill level 1 in Invocations
  9912 | D:9      | Reached XP level 11. HP: 79/99 MP: 8/10
 10208 | D:9      | Received a gift from Okawaru
 10662 | D:9      | Reached skill level 5 in Throwing
 10747 | D:9      | Found a staircase to the Lair.
 10755 | D:9      | Reached skill level 10 in Fighting
 11168 | D:9      | Noticed a deep elf pyromancer
 11171 | D:9      | Killed a deep elf pyromancer
 11171 | D:9      | Received a gift from Okawaru
 11195 | D:9      | Noticed a deep elf pyromancer
 11206 | D:9      | Killed a deep elf pyromancer
 11305 | D:10     | Entered Level 10 of the Dungeon
 11309 | D:9      | Received a gift from Okawaru
 11513 | D:10     | Reached skill level 10 in Armour
 11640 | D:10     | Found a staircase to the Orcish Mines.
 11801 | D:10     | Identified the +1 double sword "Toezik" {spect, rElec rPois
                  | rCorr Int-4 Stlth+} (Okawaru gifted it to you on level 10
                  | of the Dungeon)
 11801 | D:10     | Received a gift from Okawaru
 11817 | D:10     | Reached skill level 10 in Dodging
 12957 | D:11     | Reached XP level 12. HP: 79/108 MP: 14/14
 13086 | D:11     | Found a broken altar of Ashenzari.
 13418 | D:12     | Noticed a centaur warrior
 13421 | D:12     | Killed a centaur warrior
 13421 | D:12     | Received a gift from Okawaru
 13422 | D:12     | Reached skill level 12 in Long Blades
 14417 | D:13     | Noticed a centaur warrior
 14699 | D:13     | Reached skill level 5 in Invocations
 14701 | D:13     | Noticed a centaur warrior
 14712 | D:13     | Killed a centaur warrior
 15064 | Lair:1   | Entered Level 1 of the Lair of Beasts
 15117 | Lair:1   | Reached ****** piety under Okawaru
 15117 | Lair:1   | Received a gift from Okawaru
 15150 | Lair:1   | Reached skill level 1 in Evocations
 15318 | Lair:1   | Noticed a four-headed hydra
 15328 | Lair:1   | Killed a three-headed hydra
 16213 | Lair:2   | Reached XP level 13. HP: 117/117 MP: 16/16
 16225 | Lair:2   | Found a staircase to the Shoals.
 17208 | Lair:3   | Reached skill level 13 in Long Blades
 17896 | Lair:3   | Found a hole to the Spider Nest.
 18045 | Lair:4   | Identified the +0 kite shield of Kimn {rPois Str+3 Int+2
                  | Dex+3}
 18049 | Lair:4   | Received a gift from Okawaru
 18617 | Lair:4   | Reached skill level 1 in Shields
 18859 | Lair:4   | Identified the +9 trident of Understanding {drain, Will+}
 19913 | Lair:5   | Reached skill level 14 in Long Blades
 19913 | Lair:5   | Reached skill level 5 in Shields
 20268 | Lair:6   | Entered Level 6 of the Lair of Beasts
 20372 | Lair:6   | Found a staircase to the Slime Pits.
 20372 | Lair:6   | Found a viscous altar of Jiyva.
 20390 | Lair:6   | Slain by a death yak

Illustrated notes

Levels and vault maps discovered:
D:1:      kilobyte_arrival_exit_the_forest, layout_rooms
D:2:      layout_loops_cross, skrybe_limestone_x,
          chequers_serial_rivers_micro_b, kennysheep_potato
D:3:      layout_rooms, amethyst_overflow_temple_binary
D:4:      layout_basic, lemuel_round_altar, minmay_temple_entry_enclosed_plants,
          nicolae_ossuary_entry_plus, uniq_eustachio
D:5:      minmay_opposing_rooms, layout_basic, grunt_temple_overflow_opulence,
          mainiacjoe_overflow_surrounded_room, nicolae_ru_awakened_eye,
          old_standard_altar, minivault_24
D:6:      layout_cave_pools, mainiacjoe_overflow_boulevard, serial_gnoll_camp,
          gnoll_camp_huts_moat, gnoll_camp_mini_house, gnoll_camp_mini_basic,
          gnoll_camp_medium_02, gnoll_camp_mini_doghouse, minivault_4
D:7:      layout_basic, mainiacjoe_overflow_small_starburst, uniq_prince_ribbit1
D:8:      layout_loops_ring, lemuel_coloured_pillars_altar
D:9:      layout_roguey, erik_lair_orcish_takeover, enter_bailey_5, special_room
          [special_room_orc], hangedman_minor_magic
D:10:     layout_roguey, minmay_orc_entry_guard_dogs
D:11:     layout_basic, evilmike_ruin_ashenzari
D:12:     layout_basic
D:13:     layout_cave_pools, david_vaults_4, gammafunk_ghost_icy, minmay_holes
Lair:1:   wander_river, layout_chaotic_city
Lair:2:   layout_cave_shapes, elwin_shoals_entry_rocks, fungi_pond_lemuel,
          chequers_serial_rivers_small_a
Lair:3:   layout_regular_city, nicolae_spider_entry_non_spiders
Lair:4:   layout_gridlike, serial_bayou, serial_bayou_pond_b,
          serial_bayou_shore_a, serial_bayou_lagoon_b, serial_bayou_ford_a,
          beast_lair_carwin_2, serial_bayou_shore_b
Lair:5:   layout_roguey, small_statue_intersection,
          cheibrodos_lair_caveside_slide
Lair:6:   grunt_lair_end_beastmaster, layout_small_grid, slime_altar_1,
          dpeg_oklob_1, grunt_megastairs_4

Skill      XL: |  1  2  3  4  5  6  7  8  9 10 11 12 13 |
---------------+----------------------------------------+-----
Long Blades    | 4 5 6 7 9 10 11 12 14 | 14.1
Armour         | 1 2 3 4 6 8 9 10 11 12 | 12.1
Fighting       | 3 4 5 7 8 9 10 11 12 | 12.4
Dodging        | 4 5 6 8 9 10 11 | 11.6
Throwing       | 4 6 7 8 |  8.2
Invocations    | 1 4 5 6 |  6.8
Evocations     | 2 3 |  3.8
Shields        | 5 |  5.4

Action                   |  1- 3 |  4- 6 |  7- 9 | 10-12 | 13-15 || total
-------------------------+-------+-------+-------+-------+-------++-------
Melee: Long sword        |    69 |   112 |   101 |       |       ||   282
       Headbutt          |     9 |    18 |    58 |   139 |    71 ||   295
       Great sword       |       |       |   143 |   326 |       ||   469
       Double sword      |       |       |       |   182 |   173 ||   355
Throw: Boomerang         |       |       |       |   139 |     5 ||   144
Invok: Heroism           |       |     2 |     7 |    12 |     4 ||    25
       Finesse           |       |       |       |       |     2 ||     2
Evoke: Wand              |       |       |       |     1 |    14 ||    15
  Use: Scroll            |     4 |       |     6 |     3 |     2 ||    15
       Potion            |       |       |    10 |     4 |       ||    14
 Stab: Invisible         |       |       |       |     2 |       ||     2
       Distracted        |       |       |       |     3 |     2 ||     5
       Sleeping          |       |       |       |     3 |     1 ||     4
Armor: Leather armour    |    33 |     8 |       |       |       ||    41
       Chain mail        |       |    64 |       |       |       ||    64
       Ring mail         |       |     8 |    73 |   151 |    62 ||   294
Dodge: Dodged            |    61 |    82 |   276 |   541 |   187 ||  1147
Block: Kite shield       |       |       |       |       |    37 ||    37
       Rpst.: Long sword |    11 |    21 |    23 |       |       ||    55
       Great sword       |       |       |    31 |    84 |       ||   115
       Double sword      |       |       |       |    42 |    40 ||    82
